 Dungeon Crawl Stone Soup version 0.24.0-123-gd5b16e6ec5 (webtiles) character file.

Game seed: 5811722243950204281, levelgen mode: deterministic

59 FishyPogo the Firebug (level 3, -2/24 HPs)
             Began as a Demonspawn Fire Elementalist on Jan 12, 2020.
             Slain by an orc
             ... wielding a +0 mace
              (6 damage)
             ... on level 3 of the Dungeon.
             The game lasted 00:03:28 (1654 turns).

FishyPogo the Firebug (DsFE)                        Turns: 1654, Time: 00:03:29

Health: -2/24      AC:  5    Str:  8    XL:     3   Next: 78%
Magic:  10/15      EV: 12    Int: 17    God:
Gold:   145        SH:  0    Dex: 13    Spells: 3/6 levels left

rFire    . . .     SeeInvis .   e - +0 hand axe
rCold    . . .     Gourm    .   (no shield)
rNeg     . . .     Faith    .   a - +0 robe
rPois    .         Spirit   .   b - +0 helmet
rElec    .         Reflect  .   (no cloak)
rCorr    .         Harm     .   (no gloves)
MR       .....                  (no boots)
Stlth    +.........             (no amulet)
HPRegen  0.08/turn              q - ring of magical power
MPRegen  0.14/turn              p - ring of attention (curse)

@: starving
A: icy blue scales 1
a: no special abilities


You were on level 3 of the Dungeon.
You were starving.

You visited 1 branch of the dungeon, and saw 3 of its levels.

You collected 145 gold pieces.

Inventory:

Hand Weapons
 e - a +0 hand axe (weapon)
Missiles
 k - 63 stones (quivered)
 r - 3 javelins
Armour
 a - a +0 robe (worn)
 b - a +0 helmet (worn)
Jewellery
 o - an uncursed ring of protection from fire
 p - a cursed ring of attention (right hand)
 q - a ring of magical power (left hand)
Wands
 t - a wand of polymorph (15)
Scrolls
 d - a scroll of enchant armour {unknown}
 f - a scroll of blinking {unknown}
 g - 5 scrolls of remove curse {unknown}
 j - a scroll of teleportation
 m - a scroll of identify
Potions
 h - a potion of ambrosia {unknown}
 i - a potion of magic {unknown}
 l - 3 potions of brilliance
 u - a potion of flight {unknown}
Comestibles
 c - 4 rations
 n - 2 chunks of flesh


   Skills:
 + Level 2.0 Dodging
 + Level 2.0 Stealth
 + Level 2.3 Spellcasting
 * Level 1.8 Conjurations
 * Level 3.6 Fire Magic


You had 3 spell levels left.
You knew the following spells:

 Your Spells              Type           Power        Failure   Level  Hunger
a - Flame Tongue          Conj/Fire      ##...        6%          1    #......
b - Throw Flame           Conj/Fire      ##....       10%         2    ###....

Your spell library contained the following spells:

 Spells                   Type           Power        Failure   Level  Hunger
 Conjure Flame            Conj/Fire      ##......     19%         3    ###....
 Inner Flame              Hex/Fire       #.......     26%         3    ###....
 Sticky Flame             Conj/Fire      ##......     52%         4    #####..
 Fireball                 Conj/Fire      ##........   86%         5    ######.


Dungeon Overview and Level Annotations

Branches:
Dungeon (3/15)

Altars:
Wu Jian


Innate Abilities, Weirdness & Mutations

You are partially covered in icy blue scales. (AC +2)


Message History

You closely miss the orc.
The orc is almost dead.
The orc completely misses you.
You hit the orc but do no damage.
The orc is almost dead.
The orc hits you with a +0 mace.
You closely miss the orc.
The orc is severely wounded.
The orc barely misses you.
You hit the orc but do no damage.
The orc is severely wounded.
The orc completely misses you.
You barely miss the orc.
The orc is severely wounded.
The orc hits you with a +0 mace!
* * * LOW HITPOINT WARNING * * *
You hit the orc but do no damage.
The orc is severely wounded.
The orc hits you with a +0 mace.
You die...

... ..# #.# #.#
#.# #.# #.#
######)########
.......)@o>.....
#######.####....
#.# . ... ####


You could see an orc.

Vanquished Creatures
  3 adders
  A dart slug (D:1)
  An orc (D:3)
  2 bats
  5 goblins (D:1)
  3 hobgoblins (D:1)
  3 jackals (D:1)
  A frilled lizard (D:1)
  4 kobolds
  7 rats
30 creatures vanquished.

Notes
Turn   | Place    | Note
-------+----------+-------------------------------------------
     0 | D:1      | FishyPogo the Demonspawn Fire Elementalist began the quest
                  | for the Orb.
     0 | D:1      | Reached XP level 1. HP: 13/13 MP: 3/3
   132 | D:1      | Reached skill level 3 in Fire Magic
   281 | D:1      | Gained mutation: You are partially covered in icy blue
                  | scales. (AC +2) [demonic ancestry]
   281 | D:1      | Reached XP level 2. HP: 19/19 MP: 3/5
   393 | D:1      | Learned a level 2 spell: Throw Flame
  1007 | D:2      | Found an ornate altar of the Wu Jian Council.
  1074 | D:2      | Reached XP level 3. HP: 24/24 MP: 1/6
  1654 | D:3      | Slain by an orc

Levels and vault maps discovered:
D:1:      elethiomel_arrival_shortcut, layout_basic
D:2:      layout_loops_ring, marbit_many_paths, first_ration
D:3:      cheibrodos_greedy_goblins, layout_basic,
          grunt_temple_overflow_growth_and_decay,
          hellmonk_ghost_happy_afterlife, portal_sewer_entry_c,
          kennysheep_potato, uniq_terence

Skill      XL: |  1  2  3 |
---------------+----------+-----
Fire Magic     | 3 |  3.6
Dodging        | 2 |  2.0
Stealth        | 2 |  2.0
Spellcasting   | |  2.3
Conjurations   | |  1.8

Action                   || total
-------------------------++-------
Melee: Hand axe          ||    31
 Cast: Flame Tongue      ||    37
       Throw Flame       ||     5
  Use: Scroll            ||     4
  Eat: Chunk             ||     1
Armor: Robe              ||    12
Dodge: Dodged            ||    25
